 Seeded DCSS version 0.28-a0-1567-g1695149f81 (webtiles) character file.

Game seed: 767 (custom seed)

983 knot the Cleaver (level 7, 0/52 HPs)
             Began as a Demonspawn Berserker on Jan 20, 2022.
             Was a Believer of Trog.
             Slain by an ogre (28 damage)
             ... on level 5 of the Dungeon.
             The game lasted 00:04:28 (6480 turns).

knot the Cleaver (Demonspawn Berserker)             Turns: 6480, Time: 00:04:29

Health: 0/52       AC:  8    Str: 17    XL:     7   Next: 96%
Magic:  7/7        EV: 11    Int: 10    God:    Trog [**....]
Gold:   182        SH:  5    Dex: 13    Spells: 6/6 levels left

rFire   . . .      SeeInvis .   a - +0 hand axe
rCold   . . .      Faith    .   k - +2 buckler
rNeg    . . .      Spirit   .   i - +3 ring mail
rPois   +          Reflect  .   (helmet restricted)
rElec   .          Harm     .   (no cloak)
rCorr   .          Rampage  .   (no gloves)
Will    .....                   (no boots)
Stlth   +.........              (no amulet)
HPRegen 0.17/turn               h - ring of poison resistance
MPRegen 0.10/turn               (no ring)

@: no status effects
A: antennae 2, sturdy frame 2, demonic magic 1
a: Renounce Religion, Berserk, Trog's Hand


You were on level 5 of the Dungeon.
You worshipped Trog.
Trog was pleased with you.
You visited 1 branch of the dungeon, and saw 5 of its levels.

You collected 182 gold pieces.

Inventory:

Hand Weapons
 a - a +0 hand axe (weapon)
Missiles
 d - 30 sling bullets
 f - 102 stones (quivered)
 q - 3 boomerangs
Armour
 i - a +3 ring mail (worn)
 k - a +2 buckler (worn)
Jewellery
 b - a ring of fire
 h - a ring of poison resistance (left hand)
Wands
 o - a wand of paralysis (17)
Scrolls
 c - 4 scrolls of identify {unknown}
 g - 3 scrolls of enchant armour {unknown}
 j - a scroll of torment {unknown}
 l - 3 scrolls of teleportation {unknown}
 n - a scroll of summoning {unknown}
 r - a scroll of magic mapping {unknown}
 s - a scroll of fog {unknown}
Potions
 e - a potion of attraction {unknown}
 m - 2 potions of might {unknown}
 p - a potion of heal wounds {unknown}


   Skills:
 - Level 3.0 Fighting
 + Level 8.9 Axes
 - Level 1.7 Armour
 - Level 1.7 Dodging


You had 6 spell levels left.
You didn't know any spells.
Your spell library contained the following spells:

 Spells                   Type           Power      Damage    Failure   Level
 Freeze                   Ice            0%         1d3       50%         1
 Magic Dart               Conj           0%         1d3       50%         1
 Sandblast                Erth           0%         2d4       50%         1
 Searing Ray              Conj           0%         2d4       65%         2
 Frozen Ramparts          Ice            0%         1d2       86%         3
 Portal Projectile        Hex/Tloc       0%         N/A       86%         3
 Hailstorm                Conj/Ice       0%         3d3       99%         4
 Olgreb's Toxic Radiance  Pois           0%         N/A       99%         4
 Blade Hands              Tmut           0%         N/A       100%        5
 Excruciating Wounds      Necr           0%         N/A       100%        5
 Dispersal                Tloc           0%         N/A       100%        6
 Ozocubu's Refrigeration  Ice            0%         4d5       100%        7
 Disjunction              Tloc           0%         N/A       100%        8
 Ignition                 Fire           0%         3d3       100%        8


Dungeon Overview and Level Annotations

Branches:
Dungeon (5/15)
 Temple: D:4-7

Altars:
Ashenzari
Dithmenos
Elyvilon
Hepliaklqana
Vehumet
Wu Jian
Xom


Innate Abilities, Weirdness & Mutations

You have a pair of antennae on your head.
Your movements are less encumbered by armour. (ER -4)
Spells you cast may paralyse adjacent enemies.


Message History

You slash the worm!
The worm is heavily wounded.
You hit the worm.
The worm is severely wounded.
The worm bites you.
You hit the worm.
The worm is severely wounded.
You hit the worm but do no damage.
The worm is severely wounded.
The worm bites you but does no damage.
You hit the worm.
The worm is almost dead.
You hit the worm.
You kill the worm!
Trog accepts your kill.
No target in view!
No target in view!
You sense a monster nearby.
g - 3 scrolls labelled KOHEM ZE WUYTRUWE (gained 1)
You open the door.
There is an open door here.
You sense a monster nearby.
An ogre comes into view. It is wielding a +0 giant club.
The ogre shouts!
Found a stone staircase leading up.
The ogre hits you with a +0 giant club!!
You closely miss the ogre. You hit the ogre.
The ogre is lightly wounded.
The ogre hits you but does no damage.
You barely miss the ogre.
The ogre is lightly wounded.
You block the ogre's attack.
You hit the ogre but do no damage.
The ogre is lightly wounded.
You slash the ogre!
The ogre is moderately wounded.
The ogre hits you with a +0 giant club!!
Ouch! That really hurt!
You die...

...................
...##.#####.#.#####
...................
......##.####.#####
....#.##.####.####
.................#
#.#...........##.#
#.#.#.##.####.##.#
....#.##.# #.##@##.#
#.#.#.##.####...O......<
#.#.................#.#.
....#......##.##.##...
.........#.##.##.# .#.#
#.#.#.##.#.##.##.# # ..
#.#.#.##.#....##.# .
#.#......#######.#
#.#.#.####


You could see an ogre.

Vanquished Creatures
  Sigmund (D:5)
  An acid dragon (D:5)
  A water moccasin (D:5)
  A bullfrog (D:4)
  A centaur zombie (D:5)
  A gnoll shaman (D:3)
  A hound (D:5)
  An iguana (D:4)
  Jessica (D:3)
  Natasha (thrice) (D:2)
  2 orc wizards
  6 gnolls (D:4)
  9 adders
  An ufetubus (D:5)
  5 worms
  5 dart slugs
  8 orcs
  6 endoplasms
  5 giant cockroaches
  10 hobgoblins
  4 quokkas
  5 ball pythons
  6 bats
  6 frilled lizards
  9 goblins
  6 kobolds
  12 rats
117 creatures vanquished.

Vanquished Creatures (others)
  4 plants (D:5)
4 creatures vanquished.

Grand Total: 121 creatures vanquished

Notes
Turn   | Place    | Note
-------+----------+-------------------------------------------
     0 | D:1      | knot the Demonspawn Berserker began the quest for the Orb.
     0 | D:1      | Reached XP level 1. HP: 18/18 MP: 1/1
    63 | D:1      | Reached skill level 3 in Axes
   164 | D:1      | Gained mutation: Your movements are slightly less
                  | encumbered by armour. (ER -2) [demonic ancestry]
   164 | D:1      | Reached XP level 2. HP: 18/24 MP: 2/2
   416 | D:1      | Found a faded altar of an unknown god.
  1018 | D:1      | Gained mutation: You have a pair of small antennae on your
                  | head. [demonic ancestry]
  1018 | D:1      | Reached XP level 3. HP: 21/29 MP: 3/3
  1724 | D:2      | Reached skill level 4 in Axes
  1911 | D:2      | Reached ** piety under Trog
  2144 | D:2      | Noticed Natasha
  2156 | D:2      | Killed Natasha
  2157 | D:2      | Gained mutation: Your movements are less encumbered by
                  | armour. (ER -4) [demonic ancestry]
  2157 | D:2      | Reached XP level 4. HP: 35/35 MP: 4/4
  2382 | D:2      | Noticed Natasha
  2392 | D:2      | Killed Natasha
  2393 | D:2      | Reached skill level 5 in Axes
  2618 | D:2      | Found a shimmering altar of Xom.
  2660 | D:2      | Noticed Natasha
  2668 | D:2      | Killed Natasha
  2669 | D:2      | Gained mutation: Spells you cast may paralyse adjacent
                  | enemies. [demonic ancestry]
  2669 | D:2      | Reached XP level 5. HP: 41/41 MP: 5/5
  2873 | D:3      | Noticed Jessica
  2882 | D:3      | Killed Jessica
  3049 | D:3      | Found a radiant altar of Vehumet.
  3066 | D:3      | Reached skill level 6 in Axes
  3584 | D:3      | Reached XP level 6. HP: 47/47 MP: 6/6
  4287 | D:4      | Got Hamuv's Handbook of Harmful Earth
  4655 | D:4      | Reached skill level 7 in Axes
  4881 | D:4      | Found an ornate altar of the Wu Jian Council.
  5078 | D:4      | Found a broken altar of Ashenzari.
  5078 | D:4      | Found a shadowy altar of Dithmenos.
  5092 | D:4      | Found a hazy altar of Hepliaklqana.
  5221 | D:5      | Entered Level 5 of the Dungeon
  5241 | D:5      | Noticed an acid dragon
  5522 | D:5      | Killed an acid dragon
  5523 | D:5      | Gained mutation: You have a pair of antennae on your head.
                  | [demonic ancestry]
  5523 | D:5      | Reached XP level 7. HP: 37/52 MP: 7/7
  6015 | D:5      | Reached *** piety under Trog
  6016 | D:5      | Reached skill level 8 in Axes
  6064 | D:5      | Noticed Sigmund
  6075 | D:5      | Killed Sigmund
  6480 | D:5      | Slain by an ogre

Illustrated notes

Levels and vault maps discovered:
D:1:      onia_arrival_handbag, layout_loops_ring,
          nicolae_ecumenical_lake_church
D:2:      layout_rooms, basic_altar, st_stairs_1, uniq_natasha
D:3:      layout_basic, nicolae_vehumet_radiance, uniq_jessica
D:4:      layout_basic, minmay_overflow_temple_star_hex, columned_hall_lemuel
D:5:      layout_basic, led_sif_book, nemelex_altar_shiori, grunt_gozag_statues,
          corexii_checkpoint_b, serial_bayou_pond_c, uniq_sigmund

Skill      XL: |  1  2  3  4  5  6  7 |
---------------+----------------------+-----
Axes           | 3 4 5 6 7 8 |  8.9
Fighting       | |  3.0
Armour         | |  1.7
Dodging        | |  1.7

Action                   |  1- 3 |  4- 6 |  7- 9 || total
-------------------------+-------+-------+-------++-------
Melee: Hand axe          |   135 |   252 |    82 ||   469
       Punch             |     2 |     1 |       ||     3
Invok: Berserk           |     4 |     6 |     2 ||    12
       Trog's Hand       |       |     1 |     1 ||     2
  Use: Potion            |       |     1 |       ||     1
 Stab: Sleeping          |     3 |       |       ||     3
Armor: Animal skin       |    23 |       |       ||    23
       Ring mail         |     5 |    80 |    35 ||   120
Dodge: Dodged            |    95 |   119 |    28 ||   242
Block: Buckler           |       |    53 |    17 ||    70

Table legend: (Time is in decaauts)
 A = Elapsed time spent in this place.
 B = Non-inter-level travel time spent in this place.
 C = Inter-level travel time spent in this place.
 D = Time resting spent in this place.
 E = Time spent auto-exploring this place.
 F = Levels seen in this place.
 G = Mean time per level.
                   A        B        C        D        E       F      G
               +--------+--------+--------+--------+--------+-----+--------+
         Total |   6642 |   6539 |    103 |   2122 |   3493 |   5 | 1328.4 |
       Dungeon |   6642 |   6539 |    103 |   2122 |   3493 |   5 | 1328.4 |
               +--------+--------+--------+--------+--------+-----+--------+

Top non-repeatable levels by time:
     D:1: 1751 daAuts
     D:4: 1565 daAuts
     D:3: 1228 daAuts
     D:2: 1069 daAuts
     D:5: 1027 daAuts
